Map: Paisaje nocturno EE

Players

MrFercho - Winner!

  • Race: Zerg Zerg
  • League: Gold
  • Spawn Location: 7:00

tigro - Winner!

  • Race: Terran Terran
  • League: Bronze
  • Spawn Location: 7:00

Atrof

  • Race: Protoss Protoss
  • Spawn Location: 1:00

davA

  • Race: Terran Terran
  • League: Silver
  • Spawn Location: 1:00

VOD

Have the link to the VOD?

Description

Time

  • Played on: Aug. 23, 2020, 9:06 p.m.
  • Length: 8:02
Show
View Real Time Build Order
Export as new Build Order

MrFercho Zerg - Winner!

Build Orders: Hatch First 

Get SALT Encoding   

  12  0:02  Drone  
  13  0:13  Overlord  
  13  0:18  Drone  
  14  0:33  Drone x2  
  16  0:52  Hatchery  
  16  0:54  Drone  
  16  0:59  Drone  
  16  1:01  Drone  
  18  1:14  Extractor  
  17  1:21  Spawning Pool, Drone  
  17  1:24  Drone  
  18  1:28  Drone  
  19  1:39  Drone  
  20  1:51  Overlord  
  20  2:05  Drone x2  
  22  2:09  Queen x2  
  22  2:15  Zergling x4  
  27  2:20  Metabolic Boost  
  28  2:29  Overlord  
  28  2:31  Drone  
  29  2:38  Drone x2  
  29  2:40  Evolution Chamber  
  30  2:44  Drone  
  30  2:48  Queen  
  33  3:00  Drone  
  33  3:01  Drone x2  
  36  3:06  Zerg Melee Weapons Level 1  
  36  3:07  Drone  
  36  3:08  Drone  
  38  3:14  Queen  
  38  3:19  Overlord  
  40  3:22  Drone x2  
  40  3:24  Drone  
  43  3:27  Drone  
  44  3:39  Drone x2  
  46  3:42  Zergling x6  
  49  3:48  Overlord  
  49  4:04  Lair  
  49  4:06  Drone x5  
  49  4:07  Drone x3  
  57  4:12  Extractor, Zergling x2  
  57  4:14  Extractor  
  56  4:17  Overlord  
  56  4:31  Hatchery  
  56  4:35  Zergling x4  
  56  4:36  Zergling x10  
  62  4:43  Pneumatized Carapace  
  62  4:45  Zergling x6  
  65  4:50  Baneling Nest  
  64  4:58  Zergling x8  
  68  5:02  Zerg Melee Weapons Level 2  
  68  5:09  Overlord x4  
  68  5:29  Zergling x8  
  68  5:34  Zergling x8  
  76  5:39  Zergling x8  
  80  5:43  Centrifical Hooks  
  80  5:58  Zergling x2  
  80  5:59  Zergling x6  
  80  6:02  Zergling x6  
  87  6:06  Baneling x4  
  87  6:07  Baneling x14  
  87  6:08  Baneling  
  87  6:09  Zergling x6  
  90  6:20  Zergling x4  
  90  6:21  Zergling x6  
  95  6:25  Zergling x2  
  95  6:26  Zergling x2  
  70  6:49  Zergling x2  
  70  6:50  Zergling x16  
  71  6:55  Zergling x2  
  71  6:57  Zergling x2  
  69  7:07  Extractor  
  67  7:13  Hatchery  
  67  7:15  Zergling x14  
  67  7:16  Zergling x6  
  70  7:28  Zergling x2  
  70  7:29  Zergling x10  
Show
View Real Time Build Order
Export as new Build Order

tigro Terran - Winner!

Build Orders:  

Get SALT Encoding   

  12  0:03  SCV  
  13  0:30  SCV  
  14  0:37  Supply Depot  
  14  0:43  SCV  
  15  0:58  SCV  
  15  1:00  Supply Depot  
  16  1:07  Barracks  
  16  1:10  SCV  
  17  1:12  Refinery  
  17  1:17  Refinery  
  17  1:22  SCV  
  18  1:34  SCV  
  19  1:47  SCV  
  20  1:55  Marine  
  20  1:59  SCV  
  22  2:11  SCV  
  22  2:12  Factory  
  22  2:13  Marine  
  24  2:23  SCV  
  24  2:29  Engineering Bay  
  25  2:30  Marine  
  26  2:48  Marine  
  27  2:53  Orbital Command  
  27  2:57  Factory Tech Lab  
  27  3:06  Marine  
  28  3:14  Starport  
  28  3:15  Command Center  
  28  3:19  Siege Tank  
  31  3:48  Terran Infantry Weapons Level 1  
  31  3:50  Barracks Tech Lab  
  31  3:51  Siege Tank  
  31  3:54  Medivac  
  36  4:09  Missile Turret  
  36  4:24  Combat Shield  
  36  4:27  Starport Tech Lab  
  36  4:29  Refinery  
  36  4:30  Missile Turret  
  36  4:38  SCV  
  37  4:50  SCV  
  38  4:53  Missile Turret  
  38  4:58  Marine  
  39  5:03  SCV  
  40  5:15  SCV  
  40  5:16  Marine  
  42  5:27  SCV  
  43  5:34  Armory, Marine  
  44  5:39  SCV  
  44  5:42  Terran Infantry Armor Level 1  
  45  5:43  Stimpack  
  45  5:47  Refinery  
  45  5:51  SCV  
  45  5:52  Marine  
  47  6:03  SCV  
  48  6:10  Marine  
  49  6:15  SCV  
  49  6:16  Cyclone  
  53  6:27  Marine  
  54  6:45  Marine  
  55  6:48  Cyclone  
  58  7:03  Marine  
  59  7:21  Marine  
  60  7:39  Marine  
Show
View Real Time Build Order
Export as new Build Order

Atrof Protoss 

Build Orders:  

Get SALT Encoding   

  12  0:30  Probe (Chrono Boost)  
  13  0:41  Pylon, Probe (Chrono Boost)  
  14  0:45  Probe (Chrono Boost)  
  15  0:53  Pylon  
  15  0:59  Probe  
  15  1:02  Forge  
  16  1:11  Probe  
  16  1:16  Pylon  
  17  1:41  Gateway  
  17  1:47  Photon Cannon  
  17  1:52  Photon Cannon  
  17  2:02  Photon Cannon  
  17  2:11  Photon Cannon  
  17  2:21  Pylon  
  17  2:33  Assimilator x2  
  17  2:34  Probe (Chrono Boost)  
  18  2:43  Photon Cannon  
  19  2:44  Probe (Chrono Boost)  
  19  2:49  Probe (Chrono Boost)  
  20  2:56  Photon Cannon  
  20  3:16  Cybernetics Core  
  20  3:29  Photon Cannon  
  20  3:48  Probe (Chrono Boost)  
  21  3:58  Robotics Facility, Probe (Chrono Boost)  
  22  4:04  Pylon  
  22  4:15  Probe (Chrono Boost)  
  23  4:21  Stalker  
  25  4:41  Stargate  
  25  4:47  Warp Prism  
  25  4:51  Stalker  
  29  5:14  Photon Cannon  
  29  5:23  Observer  
  30  5:29  Photon Cannon  
  30  5:34  Probe  
  31  5:46  Probe  
  32  6:17  Pylon  
  32  6:44  Void Ray  
Show
View Real Time Build Order
Export as new Build Order

davA Terran 

Build Orders:  

Get SALT Encoding   

  12  0:05  SCV  
  13  0:56  Supply Depot  
  13  1:19  Supply Depot  
  13  1:28  SCV  
  13  1:29  Barracks  
  14  1:33  Refinery  
  14  1:40  SCV  
  14  1:42  Supply Depot  
  15  2:00  SCV  
  16  2:05  Supply Depot, Refinery  
  16  2:12  SCV  
  17  2:16  Barracks  
  17  2:28  Barracks Tech Lab  
  17  2:33  SCV  
  18  2:45  SCV  
  18  2:48  Marine  
  20  3:01  Command Center  
  20  3:06  Marine  
  20  3:07  Barracks Tech Lab  
  21  3:22  Factory  
  21  3:23  Marine  
  22  3:41  Marine  
  23  3:59  Marine  
  23  4:02  Orbital Command  
  24  4:58  Factory Reactor  
  24  5:14  Factory  
  24  5:19  Marine x2  
  26  5:36  Marine x2  
  26  5:38  SCV  
  33  5:50  Hellion x2, SCV  
  33  5:54  Marine x2  
  36  5:59  Factory  
  36  6:02  SCV  
  41  6:11  Hellion x2  
  41  6:12  Marine x2  
  41  6:14  SCV  
  44  6:19  Factory Tech Lab  
  44  6:30  Marine x2  
  50  6:32  Hellion  
  50  6:33  Hellion  
  31  6:54  Hellion x2  
Tags
 
Add a new tag
Caveats
  • Supply blocks, unpowered buildings, or Contaminate may cause inaccurate times.
  • Supply counts are checked every 10 seconds.